 Dungeon Crawl Stone Soup version 0.21-a0-633-g4c047d5 (webtiles) character file.

1206 Spazmo the Magician (level 8, -5/41 HPs)
             Began as a Deep Elf Fire Elementalist on Dec 29, 2017.
             Was an Initiate of Vehumet.
             Shot with an arrow by a centaur (14 damage)
             ... on level 5 of the Dungeon.
             The game lasted 00:12:36 (3681 turns).

Spazmo the Magician (Deep Elf Fire Elementalist)    Turns: 3681, Time: 00:12:37

Health: -5/41      AC:  5    Str:  5    XL:     8   Next: 21%
Magic:  10/20      EV: 13    Int: 23    God:    Vehumet [......]
Gold:   248        SH:  6    Dex: 15    Spells: 6/21 levels left

rFire    . . .     SeeInvis .   m - +2 short sword (drain)
rCold    . . .     Gourm    .   k - +1 buckler
rNeg     . . .     Faith    .   a - +0 robe
rPois    .         Spirit   .   D - +0 helmet
rElec    .         Reflect  .   w - +0 cloak
rCorr    .         Harm     .   q - +0 pair of gloves
MR       +....                  (no boots)
Stlth    ++........             (no amulet)
HPRegen  0.13/turn              y - ring of protection from magic
MPRegen  0.17/turn              (no ring)

@: no status effects
A: no striking features
a: Renounce Religion


You were on level 5 of the Dungeon.
You worshipped Vehumet.
Vehumet was noncommittal.
You were hungry.

You visited 1 branch of the dungeon, and saw 5 of its levels.

You collected 248 gold pieces.

Inventory:

Hand Weapons
 g - a +1 short sword of venom
 m - a +2 short sword of draining (weapon)
Missiles
 i - 157 stones (quivered)
Armour
 a - a +0 robe (worn)
 k - a +1 buckler (worn)
 q - a +0 pair of gloves (worn)
 w - a +0 cloak (worn)
 C - the +1 shield "Nyfaolod" {rPois}
   (You found it on level 5 of the Dungeon)

   It protects you from poison.
 D - a +0 helmet (worn)
Jewellery
 y - a ring of protection from magic (left hand)
Wands
 e - a wand of random effects (19)
 o - a wand of paralysis (13)
 p - a wand of polymorph (11)
 E - a wand of disintegration (7)
Scrolls
 d - 2 scrolls of identify
 r - a scroll of enchant armour
 s - 4 scrolls of remove curse
 v - a scroll of fear
 B - a scroll of teleportation
Potions
 f - 2 potions of might
 h - 2 potions of curing
 j - 5 potions of heal wounds
 l - a potion of magic {unknown}
 n - a potion of ambrosia {unknown}
 t - a potion of haste
 u - a potion of agility {unknown}
 x - a potion of mutation {unknown}
 z - a potion of degeneration {unknown}
Books
 b - a book of Flames

   Spells                             Type                      Level
   a - Flame Tongue                   Conjuration/Fire             1
   b - Throw Flame                    Conjuration/Fire             2
   c - Conjure Flame                  Conjuration/Fire             3
   d - Inner Flame                    Hexes/Fire                   3
   e - Sticky Flame                   Conjuration/Fire             4
   f - Fireball                       Conjuration/Fire             5
 F - Kikubaaqudgha's Volume of Black Secrets
   (You found it on level 5 of the Dungeon)

   Spells                             Type                      Level
   a - Animate Skeleton               Necromancy                   1
Comestibles
 c - 8 rations
 A - 5 chunks of flesh


   Skills:
 - Level 3.0 Dodging
 - Level 3.0 Stealth
 + Level 3.6 Shields
 + Level 7.0 Spellcasting
 + Level 5.3 Conjurations
 + Level 6.2 Fire Magic


You had 6 spell levels left.
You knew the following spells:

 Your Spells              Type           Power        Failure   Level  Hunger
a - Flame Tongue          Conj/Fire      ####.        1%          1    None
b - Throw Flame           Conj/Fire      ####..       1%          2    None
c - Conjure Flame         Conj/Fire      ####....     2%          3    None
d - Sticky Flame          Conj/Fire      ####....     8%          4    ###....
e - Fireball              Conj/Fire      ####......   21%         5    #####..


Dungeon Overview and Level Annotations

Branches:
Dungeon (5/15)
 Temple: D:4-7

Altars:
Ashenzari
Kikubaaqudgha
Nemelex Xobeh
Okawaru
Qazlal
Sif Muna
Uskayaw
Vehumet
Xom
Yredelemnul
The Shining One

Shops:
D:5 [


Message History

The centaur wields a runed shortbow.
It is covered in frost.
The centaur shoots an arrow.
The arrow hits you. The arrow freezes you.
The centaur shoots an arrow.
The arrow hits you!
Casting: Fireball
Confirm with . or Enter, or press ? or * to list all spells.
Aiming: Fireball
Press: ? - help, Shift-Dir - straight line, f/p - centaur
Aim: a centaur, wielding a shortbow (severely wounded)
The fireball explodes!
The fireball engulfs the centaur.
You kill the centaur!
Vehumet accepts your kill.
Your Spellcasting skill increases to level 7!
The fireball engulfs the centaur.
The centaur is almost dead.
The centaur shoots an arrow.
The arrow hits you!
* * * LOW HITPOINT WARNING * * *
The arrow freezes you.
* * * LOW HITPOINT WARNING * * *
The centaur shoots an arrow.
The arrow hits you!
You die...

....###...# #.#
#........#.# #
#.........#
#.#####.######...# #
#...###...###....(..#
##### #
#.####..........)##.#
# ###
#.############.###
.## #.# #.......#
.8####.# #.?##.#.#
.##8##.# #..#......
##...#.# #.@#.....∩.
...._#.# #..#.##c####
.#...#.# #.c). .#
##8##..# ##... .#
..###.## ###.#
#.....# .# ####### .#
.


You could see a centaur.

Vanquished Creatures
  Grinder (D:3)
  Sigmund (D:3)
  Eustachio (D:5)
  Edmund (D:5)
  A centaur (D:5)
  A scorpion (D:4)
  A centaur zombie (D:5)
  A hound (D:5)
  An orc priest (D:5)
  Jessica (D:3)
  Natasha (twice) (D:2)
  Ijyb (D:5)
  An iguana (D:5)
  4 worker ants
  A hound skeleton (D:5)
  4 adders
  2 oozes (D:4)
  An adder skeleton (D:4)
  A worm (D:2)
  3 dart slugs
  3 orcs
  A giant cockroach (D:3)
  9 goblins
  9 hobgoblins
  4 jackals (D:3)
  4 quokkas
  9 bats
  8 frilled lizards
  8 kobolds
  A leopard gecko skeleton (D:4)
  3 rats
89 creatures vanquished.

Notes
Turn   | Place    | Note
-------+----------+-------------------------------------------
     0 | D:1      | Spazmo the Deep Elf Fire Elementalist began the quest for the Orb.
     0 | D:1      | Reached XP level 1. HP: 10/10 MP: 6/6
   200 | D:1      | Reached XP level 2. HP: 15/15 MP: 5/8
   204 | D:1      | Learned a level 2 spell: Throw Flame
   665 | D:2      | Found a basalt altar of Yredelemnul.
   677 | D:2      | Reached XP level 3. HP: 19/19 MP: 5/9
   684 | D:2      | Learned a level 3 spell: Conjure Flame
  1186 | D:2      | Noticed Natasha
  1224 | D:2      | Killed Natasha
  1224 | D:2      | Reached XP level 4. HP: 24/24 MP: 7/11
  1230 | D:2      | Learned a level 4 spell: Sticky Flame
  1282 | D:2      | Noticed Natasha
  1287 | D:2      | Killed Natasha
  1287 | D:2      | Reached skill level 1 in Shields
  1287 | D:2      | Reached skill level 4 in Spellcasting
  1424 | D:3      | Found a shattered altar of Ashenzari.
  1614 | D:3      | Noticed Jessica
  1621 | D:3      | Killed Jessica
  1621 | D:3      | Reached XP level 5. HP: 28/28 MP: 5/13
  1709 | D:3      | Noticed Grinder
  1715 | D:3      | Killed Grinder
  1715 | D:3      | Reached skill level 5 in Spellcasting
  1715 | D:3      | Reached XP level 6. HP: 32/32 MP: 2/15
  1850 | D:3      | Noticed Sigmund
  1859 | D:3      | Killed Sigmund
  1859 | D:3      | Reached skill level 5 in Fire Magic
  1859 | D:3      | Reached XP level 7. HP: 30/36 MP: 9/17
  1885 | D:3      | Found a hide-covered altar of Uskayaw.
  1921 | D:3      | Found a stormy altar of Qazlal.
  1993 | D:3      | Found a glowing golden altar of the Shining One.
  2151 | D:4      | Found an iron altar of Okawaru.
  2173 | D:4      | Found a shimmering altar of Xom.
  2686 | D:4      | Found a sparkling altar of Nemelex Xobeh.
  2768 | D:5      | Entered Level 5 of the Dungeon
  2783 | D:5      | Learned a level 5 spell: Fireball
  2822 | D:5      | Reached skill level 6 in Spellcasting
  2848 | D:5      | Got a shimmering shield
  2849 | D:5      | Identified the +1 shield "Nyfaolod" {rPois} (You found it on level 5 of the Dungeon)
  3279 | D:5      | Noticed Eustachio
  3284 | D:5      | Killed Eustachio
  3417 | D:5      | Noticed Edmund
  3428 | D:5      | Killed Edmund
  3428 | D:5      | Reached skill level 5 in Conjurations
  3428 | D:5      | Reached XP level 8. HP: 25/41 MP: 15/20
  3451 | D:5      | Noticed Ijyb
  3457 | D:5      | Killed Ijyb
  3464 | D:5      | Found Jepussemn's Armour Emporium.
  3538 | D:5      | Found a radiant altar of Vehumet.
  3541 | D:5      | Became a worshipper of Vehumet
  3548 | D:5      | Found an ancient bone altar of Kikubaaqudgha.
  3549 | D:5      | Found a deep blue altar of Sif Muna.
  3561 | D:5      | Identified Kikubaaqudgha's Volume of Black Secrets
  3681 | D:5      | Reached skill level 7 in Spellcasting
  3681 | D:5      | Shot with an arrow by a centaur

Vault maps used:
D:1:      saegor_arrival_miasma
D:2:      yredelemnul_altar_generic, uniq_natasha
D:3:      nicolae_overflow_quartered_altars, uniq_grinder, uniq_jessica,
          uniq_sigmund
D:4:      nemelex_xobeh_ov_fountains_minmay, nicolae_overflow_crystal_walls,
          first_ration, okawaru_ov_weapons_minmay
D:5:      grunt_temple_overflow_magic_moments, temple_fountains, serial_shops,
          shop, kennysheep_generic_room_13, uniq_eustachio, uniq_edmund,
          uniq_ijyb

Skill      XL: |  1  2  3  4  5  6  7  8 |
---------------+-------------------------+-----
Stealth        | 3 |  3.0
Dodging        | 3 |  3.0
Conjurations   | 2 3 4 5 |  5.3
Shields        | 1 2 3 |  3.6
Spellcasting   | 4 5 6 7 |  7.0
Fire Magic     | 4 5 6 |  6.2

Action                   |  1- 3 |  4- 6 |  7- 9 || total
-------------------------+-------+-------+-------++-------
Melee: Short sword       |     9 |     2 |    51 ||    62
Throw: Stone             |       |       |     1 ||     1
 Cast: Flame Tongue      |    64 |    39 |    71 ||   174
       Throw Flame       |     1 |     3 |     5 ||     9
       Sticky Flame      |       |     1 |     6 ||     7
       Fireball          |       |       |     2 ||     2
Evoke: Wand              |       |       |     2 ||     2
  Use: Scroll            |     2 |     3 |     2 ||     7
       Potion            |     1 |     1 |     2 ||     4
 Stab: Sleeping          |       |       |     1 ||     1
  Eat: Chunk             |     1 |     2 |     6 ||     9
Armor: Robe              |     4 |     1 |    18 ||    23
Dodge: Dodged            |     9 |     8 |    33 ||    50
Block: Buckler           |     2 |     7 |    22 ||    31

Table legend:
 A = Spawn XP
 B = Non-spawn XP
 C = Spawn XP percentage of total XP
 D = Spawn monster count
 E = Non-spawn monster count
 F = Spawn count percentage of total count
 G = Total turns spent on level
                    A         B        C        D         E        F      G
               +---------+---------+-------+---------+---------+-------+---------
         Total |       0 |    1724 |   0.0 |       0 |      89 |   0.0 |  3681
               +---------+---------+-------+---------+---------+-------+---------
           D:1 |       0 |      36 |   0.0 |       0 |      19 |   0.0 |   641
           D:2 |       0 |     121 |   0.0 |       0 |      23 |   0.0 |   774
           D:3 |       0 |     613 |   0.0 |       0 |      21 |   0.0 |   720
           D:4 |       0 |     162 |   0.0 |       0 |      10 |   0.0 |   857
           D:5 |       0 |     792 |   0.0 |       0 |      16 |   0.0 |   689
               +---------+---------+-------+---------+---------+-------+---------
